[ AOE2 MATCH · #460193034 ]
UnrankedJapanese vs Vikings
[ REPLAY ANALYSIS · EXTRACTED FROM THE RECORDED GAME ]
Feudal
—
Castle
—
Imperial
—
| APM avg | 46.9 |
| APM peak | 63 |
| eAPM avg | 13.5 |
| Villagers / military | 0 / 0 |
Focus
⚔️ 36.4% · 🌾 63.6%
Fishing Ship ×4
Feudal
—
Castle
—
Imperial
—
| APM avg | 27.8 |
| APM peak | 34 |
| eAPM avg | 10.6 |
| Villagers / military | 7 / 0 |
Focus
⚔️ 30.0% · 🌾 70.0%
Fishing Ship ×2
Feudal
—
Castle
—
Imperial
—
| APM avg | 50.2 |
| APM peak | 77 |
| eAPM avg | 10.2 |
| Villagers / military | 0 / 0 |
Focus
⚔️ 36.4% · 🌾 63.6%
Fishing Ship ×2
Feudal
—
Castle
—
Imperial
—
| APM avg | 39.2 |
| APM peak | 47 |
| eAPM avg | 11.4 |
| Villagers / military | 8 / 0 |
Focus
⚔️ 34.1% · 🌾 65.9%
Fishing Ship ×2
Feudal
—
Castle
—
Imperial
—
| APM avg | 28.8 |
| APM peak | 39 |
| eAPM avg | 7.7 |
| Villagers / military | 6 / 0 |
Focus
⚔️ 32.3% · 🌾 67.7%
Feudal
—
Castle
—
Imperial
—
| APM avg | 23.0 |
| APM peak | 44 |
| eAPM avg | 2.1 |
| Villagers / military | 0 / 0 |
Focus
⚔️ 71.4% · 🌾 28.6%
Feudal
—
Castle
—
Imperial
—
| APM avg | 74.8 |
| APM peak | 116 |
| eAPM avg | 13.3 |
| Villagers / military | 8 / 0 |
Focus
⚔️ 11.1% · 🌾 88.9%
Feudal
—
Castle
—
Imperial
—
| APM avg | 25.3 |
| APM peak | 29 |
| eAPM avg | 7.7 |
| Villagers / military | 9 / 0 |
Focus
⚔️ 30.8% · 🌾 69.2%
Match map
Initial resources + every placement click. Lines = walls · curves = elevation contours. ◆ gold · ⬟ stone · ● berries · ✦ relic · ◌ wall gap
Your base
[O_o] Killerhand's base
九泯's base
pnelsito's base
chengaopeng044's base
Alvarooo18's base
东方臣's base
北山散人's base
Smoothed initial terrain · ◌ = detected wall gap · hover for details
Inputs per minute
— 1345569696 - - [O_o] Killerhand
Build order — 1345569696
9 actions detected in the replay
| 0:53 | Build | Dock |
| 1:02 | Build | House |
| 1:04 | Build | House |
| 3:35 | Create | Fishing Ship |
| 3:35 | Create | Fishing Ship |
| 3:35 | Create | Fishing Ship |
| 3:35 | Create | Fishing Ship |
| 3:38 | Build | House |
| 3:40 | Build | House |
Build order — [O_o] Killerhand
16 actions detected in the replay
| 0:15 | Build | Dock |
| 0:39 | Build | House |
| 0:47 | Build | House |
| 1:41 | Build | Town Center |
| 2:26 | Create | Fishing Ship |
| 2:40 | Create | Villager (Male) |
| 2:40 | Create | Villager (Male) |
| 2:40 | Create | Villager (Male) |
| 2:41 | Create | Villager (Male) |
| 3:10 | Create | Villager (Male) |
| 3:23 | Create | Fishing Ship |
| 3:37 | Build | House |
| 4:00 | Research | Loom |
| 4:00 | Create | Villager (Male) |
| 4:37 | Build | House |
| 4:43 | Create | Villager (Male) |
Build order — 九泯
8 actions detected in the replay
| 0:36 | Build | House |
| 1:40 | Build | Palisade Wall |
| 2:49 | Build | Dock |
| 3:38 | Build | Town Center |
| 4:04 | Create | Fishing Ship |
| 4:04 | Create | Fishing Ship |
| 4:13 | Build | House |
| 4:16 | Build | House |
Build order — pnelsito
16 actions detected in the replay
| 2:37 | Build | Town Center |
| 3:30 | Build | Dock |
| 3:32 | Create | Villager (Male) |
| 3:33 | Create | Villager (Male) |
| 3:33 | Create | Villager (Male) |
| 3:34 | Create | Villager (Male) |
| 3:38 | Research | Loom |
| 3:41 | Build | House |
| 3:49 | Build | House |
| 3:53 | Create | Villager (Male) |
| 3:53 | Create | Villager (Male) |
| 3:54 | Create | Villager (Male) |
| 4:12 | Create | Villager (Male) |
| 4:19 | Create | Fishing Ship |
| 4:19 | Create | Fishing Ship |
| 4:29 | Build | House |
Build order — chengaopeng044
12 actions detected in the replay
| 0:56 | Build | House |
| 0:59 | Build | House |
| 1:00 | Build | House |
| 2:38 | Build | Town Center |
| 3:30 | Build | Mill |
| 3:38 | Research | Loom |
| 3:38 | Create | Villager (Male) |
| 3:38 | Create | Villager (Male) |
| 3:38 | Create | Villager (Male) |
| 3:39 | Create | Villager (Male) |
| 3:40 | Create | Villager (Male) |
| 3:40 | Create | Villager (Male) |
Build order — Alvarooo18
1 actions detected in the replay
| 4:09 | Build | Town Center |
Build order — 东方臣
12 actions detected in the replay
| 2:31 | Build | Town Center |
| 3:55 | Create | Villager (Male) |
| 3:55 | Create | Villager (Male) |
| 3:55 | Create | Villager (Male) |
| 3:56 | Create | Villager (Male) |
| 3:56 | Create | Villager (Male) |
| 3:56 | Create | Villager (Male) |
| 3:56 | Create | Villager (Male) |
| 3:57 | Research | Loom |
| 4:02 | Build | House |
| 4:27 | Build | House |
| 4:37 | Create | Villager (Male) |
Build order — 北山散人
15 actions detected in the replay
| 0:58 | Build | Dock |
| 2:20 | Build | Town Center |
| 2:41 | Build | Town Center |
| 3:05 | Build | Town Center |
| 3:55 | Create | Villager (Male) |
| 3:56 | Create | Villager (Male) |
| 3:56 | Create | Villager (Male) |
| 3:57 | Create | Villager (Male) |
| 4:02 | Research | Loom |
| 4:16 | Build | House |
| 4:46 | Create | Villager (Male) |
| 4:46 | Create | Villager (Male) |
| 4:47 | Create | Villager (Male) |
| 4:47 | Create | Villager (Male) |
| 4:47 | Create | Villager (Male) |
Match timeline
| 0:15 | [O_o] Killerhand · first_building Dock |
| 0:53 | 1345569696 · first_building Dock |
| 0:58 | 北山散人 · first_building Dock |
| 1:40 | 九泯 · wall_segment Palisade Wall x5 |
| 2:49 | 九泯 · first_building Dock |
| 3:30 | pnelsito · first_building Dock |
| 4:22 | 1345569696 · resign |
[ AI ANALYSIS · 1 CREDIT ]
What really happened in this match?
Wolo.gg analyzes every decision: build order, eco, micro, common mistakes by bracket. Personalized analysis on WhatsApp or Discord in 30 seconds.
Civ guide
Japanese
Perfil
Jugador #18428063